 Dungeon Crawl Stone Soup version 0.28-a0-1087-gf3fc490d9d (webtiles) character file.

Game seed: 18196619342749500462

32298 wakim the Fighter (level 13, -14/97 HPs)
             Began as an Octopode Venom Mage on Dec 10, 2021.
             Was a Follower of Yredelemnul.
             Demolished by a death yak (29 damage)
             ... on level 4 of the Lair of Beasts.
             The game lasted 01:11:51 (26204 turns).

wakim the Fighter (Octopode Venom Mage)            Turns: 26204, Time: 01:11:51

Health: -14/97     AC:  3    Str:  8    XL:     13   Next: 63%
Magic:  37/38      EV: 16    Int: 25    God:    Yredelemnul [*.....]
Gold:   523        SH:  0    Dex: 15    Spells: 10/22 levels left

rFire   + + +      SeeInvis .   b - +8 falchion "Killer Bee's Death" {spect, Contam rPois rCorr}
rCold   . . .      Faith    .   (no shield)
rNeg    + + .      Spirit   .   A - +2 hat {Int+3}
rPois   +          Reflect  .   g - amulet of magic regeneration
rElec   +          Harm     .   c - ring of magical power
rCorr   +          Rampage  .   j - ring of flight
Will    +....                   a - ring of protection from fire
Stlth   +++++.....              u - ring of magical power
HPRegen 0.26/turn               p - ring of willpower
MPRegen 0.66/turn               C - ring of protection from fire
                                D - ring of Dawn {Wiz rElec rF+ rN+ Dex+3}
                                K - ring of positive energy

@: flying
A: almost no armour, amphibious, 8 rings, camouflage 1, gelatinous body 1,
(nimble swimmer 1), tentacles
a: Renounce Religion, Recall Undead Harvest


You were on level 4 of the Lair of Beasts.
You worshipped Yredelemnul.
Yredelemnul was aware of your devotion.
You visited 3 branches of the dungeon, and saw 15 of its levels.
You also visited: Sewer and Gauntlet.

You collected 861 gold pieces.
You spent 338 gold pieces at shops.

Inventory:

Hand Weapons
 b - the +8 falchion "Killer Bee's Death" (weapon) {spect, Contam rPois rCorr}
   (You found it on level 10 of the Dungeon)

   When its wielder attacks, the weapon's spirit leaps out and strikes again.
   The spirit shares a part of any damage it takes with its wielder.
   rPois:     It protects you from poison.
   Contam:    It causes magical contamination when unequipped.
   rCorr:     It protects you from acid and corrosion.
Missiles
 h - 2 curare-tipped darts {=f}
 k - a throwing net {=f!f}
Armour
 z - a +0 kite shield
 A - a +2 hat of intelligence (worn)
Jewellery
 a - a ring of protection from fire (on tentacle)
 c - a ring of magical power (left tentacle)
 g - an amulet of magic regeneration (around mantle)
 j - a ring of flight (right tentacle)
 p - a ring of willpower (on tentacle)
 q - an amulet of reflection
 u - a ring of magical power (on tentacle)
 C - a ring of protection from fire (on tentacle)
 D - the ring of Dawn (on tentacle) {Wiz rElec rF+ rN+ Dex+3}
   (You found it in a Gauntlet)

   [ring of wizardry]

   It improves your spell success rate.
   Dex:       It affects your dexterity (+3).
   rF:        It protects you from fire.
   rElec:     It insulates you from electricity.
   rN:        It protects you from negative energy.
 K - a ring of positive energy (on tentacle)
 L - a ring of resist corrosion
Wands
 t - a wand of digging (5)
 w - a wand of acid (13)
 x - a wand of iceblast (8)
 y - a wand of paralysis (7)
 B - a wand of charming (16)
Scrolls
 i - 3 scrolls of amnesia
 n - 3 scrolls of enchant weapon
 R - a scroll of magic mapping {!r}
 S - a scroll of summoning
 T - 2 scrolls of teleportation
 U - 3 scrolls of fear
 V - 3 scrolls of vulnerability {!r!r}
 Y - 3 scrolls of blinking {!r}
 Z - a scroll of silence {!r}
Potions
 e - 2 potions of mutation {unknown}
 f - 4 potions of brilliance {unknown}
 o - a potion of resistance {unknown}
 s - 3 potions of attraction {unknown}
 v - a potion of magic {unknown}
 E - a potion of degeneration {unknown}
 F - 6 potions of curing
 G - 4 potions of flight
 H - a potion of haste
 I - a potion of cancellation {unknown}
 J - 5 potions of heal wounds
 M - a potion of lignification {unknown}
 N - 2 potions of might
Miscellaneous
 l - a condenser vane


   Skills:
 - Level 12.0 Fighting
 - Level 3.0 Long Blades
 * Level 6.2 Dodging
 - Level 10.0 Stealth
 + Level 6.2 Unarmed Combat
 - Level 5.0 Spellcasting
 - Level 4.0 Conjurations
 - Level 4.0 Translocations
 - Level 6.0 Transmutations
 - Level 4.0 Air Magic
 - Level 10.0 Poison Magic
 - Level 10.0 Invocations
 - Level 3.0 Evocations


You had 10 spell levels left.
You knew the following spells:

 Your Spells              Type           Power      Damage    Failure   Level
a - Sting                 Tmut/Pois      100%       1d8       1%          1
f - Mephitic Cloud        Conj/Pois/Air  36%        N/A       1%          3
x - Poisonous Vapours     Pois/Air       82%        N/A       1%          2
y - Olgreb's Toxic Radia  Pois           54%        N/A       1%          4
B - Blink                 Tloc           52%        N/A       1%          2

Your spell library contained the following spells:

 Spells                   Type           Power      Damage    Failure   Level
 Foxfire                  Conj/Fire      64%        2x1d7     1%          1
 Corpse Rot               Necr/Air       32%        N/A       2%          2
 Sublimation of Blood     Necr           6%         N/A       4%          2
 Conjure Flame            Conj/Fire      16%        6-21      4%          3
 Inner Flame              Hex/Fire       6%         N/A       10%         3
 Petrify                  Tmut/Erth      21%        N/A       10%         4
 Irradiate                Conj/Tmut      15%        3d18      12%         5
 Flame Wave               Conj/Fire      16%        2d5       14%         4
 Manifold Assault         Tloc           26%        N/A       17%         5
 Animate Dead             Necr           3%         N/A       32%         4
 Summon Forest            Summ/Tloc      8%         N/A       36%         5
 Borgnjor's Vile Clutch   Necr/Erth      3%         N/A       63%         5
 Summon Mana Viper        Hex/Summ       6%         N/A       63%         5
 Storm Form               Tmut/Air       15%        N/A       96%         7
 Summon Cactus Giant      Summ           3%         N/A       99%         6
 Death Channel            Necr           Unusable   N/A       N/A         6

Dungeon Overview and Level Annotations

Branches:
Dungeon (10/15)            Temple (1/1) D:6            Lair (4/6) D:10
 Shoals (0/4) Lair:3       Spider (0/4) Lair:4        Sewer (visited)
Gauntlet (visited)
    Orc: D:9-12

Altars:
Ashenzari
Cheibriados
Dithmenos
Elyvilon
Fedhas
Gozag
Hepliaklqana
Kikubaaqudgha
Makhleb
Nemelex Xobeh
Okawaru
Qazlal
Ru
Sif Muna
Trog
Uskayaw
Vehumet
Wu Jian
Xom
Yredelemnul
Zin
The Shining One

Shops:
D:2 !   D:10 [

Annotations:
D:5 2 transporters, Subbak's ghost, novice OgBe
D:7 1 runed translucent door, Spolavi's ghost, novice DDNe
Lair:1 3 runed translucent doors, trm's ghost, novice OpCj
Lair:4 exclusion: hydra


Innate Abilities, Weirdness & Mutations

You cannot wear most types of armour.
You are amphibious.
You can wear up to eight rings at the same time.
Your skin changes colour to match your surroundings (Stealth+).
Your rubbery body absorbs attacks. (AC +1, EV +1)
((You are camouflaged near water. (Stealth+)))
You have tentacles for arms and can constrict up to eight enemies at once.


Message History

Confirm with . or Enter, or press ? or * to list all spells.
You begin to radiate toxic energy.
The death yak looks as sick as possible! x2
The death yak gores you!
* * * LOW HITPOINT WARNING * * *
The death yak looks as sick as possible!
You kill the death yak!
Training target 10.0 for Stealth reached!
Your Stealth skill increases to level 10!
You need to enable at least one skill for training.
The death yak looks as sick as possible!
Your toxic aura wanes.
The death yak gores you!
* * * LOW HITPOINT WARNING * * *
You kill the death yak!
A black mist starts to gather...
You feel much better. The death yak barely misses you.
The death yak gores your death yak zombie!!
The death yak gores your death yak zombie but does no damage.
Casting: Olgreb's Toxic Radiance (mildly dangerous; 1% risk of failure)
Confirm with . or Enter, or press ? or * to list all spells.
Aiming: Poisonous Vapours (safe; 1% risk of failure)
Press: ? - help, Dir - move target, f - death yak
Aim: a death yak (severely wounded, very poisoned, ally target) Poisonous vapours surround the death yak!
The death yak looks as sick as possible!
The death yak gores you!
* * * LOW HITPOINT WARNING * * *
The death yak gores your death yak zombie!!
Something gores your death yak zombie but does no damage.
Casting: Poisonous Vapours (safe; 1% risk of failure)
Confirm with . or Enter, or press ? or * to list all spells.
Aiming: Poisonous Vapours (safe; 1% risk of failure)
Press: ? - help, Dir - move target, f/p - death yak
Aim: a death yak (almost dead, very poisoned, ally target) Poisonous vapours surround the death yak!
The death yak looks as sick as possible!
Something gores your death yak zombie. The death yak gores you!!
You die...
Your body rises from the dead as a mindless zombie.

### ..### ..#.# ##### ...##
#...## ###### ######
....######....####.#..###....#
.....##.##(..###.#.....##....# #
.....................#......(####
######P......#..@Y....Z...Y......
.##........P.#.....P....##.......
.........>.....(.........#.#..#..
...P.....................####.###
#......................#...####
##..#....P..##....##.......#
#..........####...#####....#
.###....#...# ###.# .....# .#
...#.###.# #....#


You could see a death yak (extremely poisoned, ally target) and a friendly death
yak zombie.

Vanquished Creatures
  Gastronok (D:10)
  An eleionoma (shapeshifter) (Gauntlet)
  A minotaur (Gauntlet)
  A hydra (Lair:4)
  Erica (D:9)
  8 death yaks
  An elephant (Lair:2)
  A black mamba (Lair:2)
  3 cane toads
  5 komodo dragons
  A rime drake (Lair:2)
  An efreet (Gauntlet)
  A tengu conjurer (D:9)
  A troll (D:10)
  A polar bear (Lair:4)
  6 blink frogs
  A hornet (D:9)
  4 dream sheep (Lair:2)
  A vampire (D:9)
  5 wyverns
  25 yaks
  3 fire elementals (Gauntlet)
  3 basilisks
  Menkaure (D:7)
  An acid dragon (D:9)
  7 water moccasins
  Duvessa (D:4)
  3 hell hounds (Gauntlet)
  A sky beast (D:5)
  An orc warrior (D:9)
  A black bear (Lair:2)
  2 centaurs (D:9)
  3 wolves (Lair:3)
  A necrophage (D:6)
  3 boggarts (D:10)
  A phantom (D:5)
  3 kobold brigands
  11 bullfrogs
  A gnoll sergeant (D:8)
  3 scorpions
  A wyvern skeleton (D:6)
  Dowan (D:4)
  10 killer bees
  A howler monkey (D:6)
  A crimson imp (D:8)
  A bullfrog zombie (Lair:4)
  A centaur zombie (D:8)
  A centaur skeleton (D:5)
  2 hounds
  2 jellies
  4 orc priests
  5 bullfrog skeletons
  2 iguanas
  2 orc wizards
  A scorpion zombie (D:5)
  A hound skeleton (D:4)
  A hound zombie (D:5)
  A howler monkey zombie (D:9)
  17 gnolls
  5 adders
  A howler monkey skeleton (D:5)
  2 river rats (Sewer)
  A shadow imp (D:4)
  A white imp (D:8)
  An adder skeleton (D:4)
  4 worms
  A dart slug (D:3)
  17 orcs
  5 bats
  10 endoplasms
  2 giant cockroaches
  4 hobgoblins
  4 jackals
  2 quokkas (D:1)
  2 ball pythons
  7 frilled lizards
  6 goblins
  17 kobolds
  7 rats
274 creatures vanquished.

Vanquished Creatures (collateral kills)
  A catoblepas (Lair:3)
  3 death yaks (Lair:2)
  A tengu warrior (D:9)
  An oklob plant (Lair:3)
  An elephant (Lair:2)
  3 cane toads (Lair:1)
  2 dream sheep (Lair:2)
  A shadow (D:10)
  12 yaks
  2 basilisks
  3 water moccasins
  2 sky beasts (D:8)
  A black bear (D:8)
  3 bullfrogs
  A gnoll sergeant (D:10)
  2 orc wizards (D:9)
  An orc (D:8)
40 creatures vanquished.

Vanquished Creatures (others)
  A spectral death yak (Lair:2)
  An eleionoma zombie (Gauntlet)
  2 cane toad zombies
  A spectral efreet (Gauntlet)
  A hornet zombie (D:9)
  An elephant zombie (Lair:2)
  2 wyvern zombies
  A komodo dragon zombie (Lair:1)
  2 water moccasin zombies
  A spectral bullfrog (Lair:4)
  3 yak zombies
  A wolf zombie (Lair:3)
  A bullfrog zombie (Lair:1)
  2 basilisk zombies (Lair:4)
  5 killer bee zombies
  A spectral jelly (D:8)
  2 orc zombies (D:9)
  2 gnoll zombies (D:10)
  A kobold zombie (D:8)
  26 fungi
  56 plants
  2 withered plants (D:7)
115 creatures vanquished.

Grand Total: 429 creatures vanquished

Notes
Turn   | Place    | Note
-------+----------+-------------------------------------------
     0 | D:1      | wakim the Octopode Venom Mage began the quest for the Orb.
     0 | D:1      | Reached XP level 1. HP: 11/11 MP: 3/3
   248 | D:1      | Reached XP level 2. HP: 18/18 MP: 1/5
  1539 | D:2      | Learned a level 2 spell: Poisonous Vapours
  1544 | D:2      | Reached XP level 3. HP: 20/22 MP: 6/6
  1755 | D:2      | Reached skill level 1 in Fighting
  2178 | D:2      | Reached XP level 4. HP: 23/28 MP: 3/8
  2297 | D:2      | Found Hoewnuziy's Distillery.
  2470 | D:2      | Bought a potion of curing for 39 gold pieces
  2508 | D:2      | Reached skill level 5 in Poison Magic
  3089 | D:3      | Reached skill level 2 in Fighting
  3089 | D:3      | Reached XP level 5. HP: 27/34 MP: 8/9
  3179 | D:3      | Found a glowing drain.
  3203 | Sewer    | Entered a sewer
  3231 | Sewer    | Learned a level 4 spell: Olgreb's Toxic Radiance
  3342 | Sewer    | Noticed a kobold brigand
  3460 | Sewer    | Killed a kobold brigand
  3461 | Sewer    | Reached XP level 6. HP: 38/41 MP: 10/10
  3550 | Sewer    | Found a white marble altar of Elyvilon.
  4283 | D:3      | Learned a level 3 spell: Mephitic Cloud
  4778 | D:4      | Noticed Duvessa
  4813 | D:4      | Noticed Dowan
  4996 | D:4      | Reached skill level 3 in Fighting
  5326 | D:4      | Noticed a necrophage
  5938 | D:4      | Reached XP level 7. HP: 36/46 MP: 11/11
  5957 | D:5      | Entered Level 5 of the Dungeon
  6578 | D:5      | Learned a level 2 spell: Blink
  6877 | D:5      | Noticed a wyvern
  6896 | D:5      | Killed a wyvern
  6897 | D:5      | Reached skill level 1 in Translocations
  7244 | D:5      | Noticed a hornet
  7256 | D:5      | Found a transporter.
  7260 | D:5      | Found a transporter.
  7261 | D:5      | Noticed Subbak's ghost (novice OgBe)
  7581 | D:5      | Reached skill level 4 in Fighting
  7637 | D:5      | Found a bloodstained altar of Trog.
  7709 | D:5      | Reached XP level 8. HP: 46/54 MP: 14/14
  8351 | D:5      | Reached skill level 5 in Fighting
  8576 | D:6      | Reached skill level 1 in Conjurations
  8576 | D:6      | Reached skill level 1 in Air Magic
  8676 | D:5      | Reached skill level 1 in Unarmed Combat
  9426 | D:6      | Found a staircase to the Ecumenical Temple.
  9453 | Temple   | Entered the Ecumenical Temple
  9731 | Temple   | Became a worshipper of Yredelemnul the Dark
 10340 | D:7      | Noticed Menkaure
 10559 | D:7      | Found a runed translucent door.
 10559 | D:7      | Noticed Spolavi's ghost (novice DDNe)
 10599 | D:7      | Reached skill level 6 in Fighting
 10854 | D:7      | Found a shadowy altar of Dithmenos.
 10948 | D:7      | Killed Menkaure
 10949 | D:7      | Reached XP level 9. HP: 12/62 MP: 15/15
 11215 | D:7      | Found a hazy altar of Hepliaklqana.
 12403 | D:4      | Found a glowing silver altar of Zin.
 12542 | D:4      | Killed Duvessa
 12549 | D:4      | Killed Dowan
 13327 | D:8      | Reached * piety under Yredelemnul
 13445 | D:8      | Reached ** piety under Yredelemnul
 13488 | D:8      | Reached *** piety under Yredelemnul
 13592 | D:8      | Reached skill level 5 in Unarmed Combat
 13737 | D:8      | Reached **** piety under Yredelemnul
 13738 | D:8      | Reached skill level 1 in Invocations
 14131 | D:8      | Reached ***** piety under Yredelemnul
 15153 | D:9      | Reached skill level 1 in Evocations
 15153 | D:9      | Reached XP level 10. HP: 39/69 MP: 16/16
 15163 | D:10     | Entered Level 10 of the Dungeon
 15171 | D:10     | Reached skill level 7 in Fighting
 15822 | D:10     | Found a staircase to the Lair.
 15892 | D:10     | Identified the +8 falchion "Killer Bee's Death" {spect,
                  | Contam rPois rCorr}
 15935 | D:10     | Found Hautouq's Antique Armour Boutique.
 16086 | D:10     | Reached skill level 5 in Invocations
 16447 | D:10     | Reached skill level 8 in Fighting
 16681 | D:9      | Noticed Erica
 16713 | D:9      | Killed Erica
 16714 | D:9      | Reached skill level 9 in Fighting
 16791 | D:9      | Reached skill level 10 in Fighting
 16791 | D:9      | Reached XP level 11. HP: 44/81 MP: 17/17
 17273 | D:9      | Reached skill level 1 in Long Blades
 17343 | D:9      | Noticed a tengu warrior
 17353 | D:9      | Killed a tengu warrior
 17905 | D:10     | Reached skill level 11 in Fighting
 17990 | D:10     | Noticed Gastronok
 18002 | D:10     | Killed Gastronok
 18237 | D:10     | Upgraded the game from 0.28-a0-1080-g05a166d0ed to
                  | 0.28-a0-1087-gf3fc490d9d
 18411 | D:2      | Bought a potion of curing for 39 gold pieces
 18411 | D:2      | Bought a potion of heal wounds for 65 gold pieces
 18411 | D:2      | Bought a potion of haste for 130 gold pieces
 18411 | D:2      | Bought a potion of heal wounds for 65 gold pieces
 18589 | Lair:1   | Entered Level 1 of the Lair of Beasts
 18637 | Lair:1   | Reached skill level 12 in Fighting
 19824 | Lair:1   | Found a runed translucent gate.
 19825 | Lair:1   | Found a runed translucent gate.
 19826 | Lair:1   | Found a runed translucent gate.
 19827 | Lair:1   | Noticed trm's ghost (novice OpCj)
 19828 | Lair:1   | Noticed a spectral death yak
 19964 | Lair:1   | Reached XP level 12. HP: 91/91 MP: 19/19
 20522 | Lair:2   | Reached skill level 5 in Dodging
 20526 | Lair:2   | Reached skill level 5 in Spellcasting
 21036 | Lair:2   | Reached ****** piety under Yredelemnul
 21045 | Lair:2   | Noticed a death yak
 21046 | Lair:2   | Noticed a death yak
 21046 | Lair:2   | Noticed a death yak
 21049 | Lair:2   | Noticed a death yak
 21050 | Lair:2   | Noticed a death yak
 21050 | Lair:2   | Noticed a death yak
 21055 | Lair:2   | Killed a death yak
 21055 | Lair:2   | Enslaved a death yak
 21058 | Lair:2   | Killed a death yak
 21062 | Lair:2   | Killed a death yak
 21063 | Lair:2   | Reached skill level 5 in Transmutations
 21066 | Lair:2   | Killed a death yak
 21067 | Lair:2   | Killed a death yak
 21071 | Lair:2   | Killed a death yak
 21256 | Lair:2   | Found a blossoming altar of Fedhas.
 22020 | Lair:3   | Found a staircase to the Shoals.
 22049 | Lair:3   | Found a gate leading to a gauntlet.
 22063 | Gauntlet | Entered a Gauntlet
 22063 | Gauntlet | Found a transporter.
 22063 | Gauntlet | Found a transporter.
 22097 | Gauntlet | Found a transporter.
 22099 | Gauntlet | Found a runed translucent door.
 22101 | Gauntlet | Found a runed translucent door.
 22112 | Gauntlet | Found a transporter.
 22131 | Gauntlet | Found a transporter.
 22131 | Gauntlet | Found a transporter.
 22131 | Gauntlet | Found a transporter.
 22134 | Gauntlet | Found a transporter.
 22134 | Gauntlet | Found a transporter.
 22136 | Gauntlet | Noticed a death yak
 22142 | Gauntlet | Noticed a death yak
 22142 | Gauntlet | Noticed a death yak
 22143 | Gauntlet | Noticed a death yak
 22147 | Gauntlet | Found a transporter.
 22160 | Gauntlet | Found a runed translucent door.
 22164 | Gauntlet | Found a transporter.
 22173 | Gauntlet | Found a transporter.
 22187 | Gauntlet | Found a transporter.
 22199 | Gauntlet | Noticed a green death
 22209 | Gauntlet | Found a transporter.
 22462 | Gauntlet | Noticed an alligator
 22462 | Gauntlet | a dream sheep changed into an alligator
 22483 | Gauntlet | Noticed an ice dragon
 22483 | Gauntlet | an alligator changed into an ice dragon
 22489 | Gauntlet | Noticed a boulder beetle
 22489 | Gauntlet | an ice dragon changed into a boulder beetle
 22493 | Gauntlet | a boulder beetle changed into a wolf spider
 22544 | Gauntlet | Noticed a fire dragon
 22544 | Gauntlet | a wolf spider changed into a fire dragon
 22573 | Gauntlet | Noticed an alligator
 22573 | Gauntlet | a fire dragon changed into an alligator
 22589 | Gauntlet | Noticed an ice dragon
 22589 | Gauntlet | an alligator changed into an ice dragon
 22606 | Gauntlet | an ice dragon changed into a tyrant leech
 22616 | Gauntlet | Noticed an entropy weaver
 22616 | Gauntlet | a tyrant leech changed into an entropy weaver
 22644 | Gauntlet | Noticed a catoblepas
 22644 | Gauntlet | an entropy weaver changed into a catoblepas
 22657 | Gauntlet | Noticed a storm dragon
 22657 | Gauntlet | a catoblepas changed into a storm dragon
 22690 | Gauntlet | Noticed a fire giant
 22690 | Gauntlet | a storm dragon changed into a fire giant
 22744 | Gauntlet | Noticed an eleionoma
 22744 | Gauntlet | a fire giant changed into an eleionoma
 22775 | Gauntlet | Killed an eleionoma
 22924 | Gauntlet | Identified the ring of Dawn {Wiz rElec rF+ rN+ Dex+3}
 23227 | Gauntlet | Reached XP level 13. HP: 82/97 MP: 20/20
 23474 | Gauntlet | Noticed a minotaur
 23509 | Gauntlet | Killed a minotaur
 23860 | Gauntlet | Identified the +0 ring mail of the Wild Haggis {rCorr SInv}
 23860 | Gauntlet | Identified the +1 scale mail "Forget-Me-Not" {Str+4}
 23874 | Lair:3   | Reached skill level 10 in Poison Magic
 24334 | Lair:3   | Reached skill level 5 in Stealth
 24960 | Lair:4   | Found a hole to the Spider Nest.
 25564 | Lair:4   | Reached skill level 10 in Invocations
 26175 | Lair:4   | Reached skill level 10 in Stealth
 26204 | Lair:4   | Demolished by a death yak

Illustrated notes

Levels and vault maps discovered:
D:1:      psy_arrival_terrarium, layout_basic
D:2:      layout_rooms, serial_shops, nicolae_shop_stone,
          chequers_serial_rivers_small_3, palyth_stone_intersect,
          minmay_misc_feat_cross, kennysheep_decorative_pillar, st_stairs_6
D:3:      layout_loops_ring, cheibrodos_sewer_entry_drain,
          kennysheep_generic_room_4
D:4:      layout_loops_ring, zin_treasury, kennysheep_pointless_box,
          hangedman_decor_push, st_stairs_13, dk_noncrumbling_3, uniq_duvessa
D:5:      layout_cave_pods, trog_book, gammafunk_ghost_hive
D:6:      layout_cave_pools, temple_pool_b
D:7:      layout_basic, mainiacjoe_overflow_six_doors_small,
          nicolae_dithmenos_through_a_glass_darkly, gammafunk_ghost_grave,
          uniq_menkaure
D:8:      layout_layer_cave, minmay_fire_ice_demons
D:9:      layout_cave_pools, uniq_erica
D:10:     wander_river, layout_irregular_city, david_lair_shrubbed,
          serial_shops, nicolae_shop_stone, uniq_gastronok
Temple:   dpeg_five_rooms_temple
Lair:1:   layout_chaotic_city, gammafunk_ghost_necromancy, fungi_pond_lemuel,
          beast_lair_carwin_9
Lair:2:   layout_chaotic_city, basic_altar
Lair:3:   layout_regular_city, elwin_shoals_entry_rocks, gauntlet_entry_generic,
          minmay_lair_oklob_items, beast_lair_carwin_4, grunt_megastairs_2
Lair:4:   layout_misc_corridors, spider_nest_entry_web_field,
          eino_small_chamber_without_monster, grunt_megastairs_5

Skill      XL: |  1  2  3  4  5  6  7  8  9 10 11 12 13 |
---------------+----------------------------------------+-----
Poison Magic   | 4 5 6 7 9 10 | 10.0
Fighting       | 1 2 3 4 6 10 12 | 12.0
Spellcasting   | 3 4 5 |  5.0
Stealth        | 4 10 | 10.0
Translocations | 2 3 4 |  4.0
Conjurations   | 2 4 |  4.0
Air Magic      | 2 4 |  4.0
Unarmed Combat | 3 6 |  6.2
Dodging        | 3 4 6 |  6.2
Transmutations | 3 6 |  6.0
Invocations    | 3 6 8 10 | 10.0
Evocations     | 1 3 |  3.0
Long Blades    | 3 |  3.0

Action                   |  1- 3 |  4- 6 |  7- 9 | 10-12 | 13-15 || total
-------------------------+-------+-------+-------+-------+-------++-------
Melee: Unarmed           |     6 |    31 |   212 |    13 |       ||   262
       Constrict         |     3 |     7 |    24 |    24 |     8 ||    66
       Tentacles         |     2 |     6 |    42 |    31 |    17 ||    98
       Punch             |       |       |     2 |     5 |     2 ||     9
       Falchion          |       |       |       |   152 |    62 ||   214
 Cast: Sting             |    45 |   103 |    63 |     9 |       ||   220
       Poisonous Vapours |    10 |    21 |    49 |    46 |    20 ||   146
       Olgreb's Toxic Ra |       |     3 |    28 |    49 |    17 ||    97
       Blink             |       |       |    14 |     1 |       ||    15
       Mephitic Cloud    |       |       |       |     4 |     5 ||     9
Invok: Recall Undead Har |       |       |       |     7 |     3 ||    10
       Dark Bargain      |       |       |       |     3 |     2 ||     5
       Bind Soul         |       |       |       |     3 |       ||     3
Evoke: Wand              |       |       |       |     1 |     2 ||     3
  Use: Potion            |       |       |     3 |     1 |     1 ||     5
       Scroll            |       |       |    11 |     1 |     3 ||    15
 Stab: Sleeping          |       |       |     1 |     3 |     2 ||     6
       Distracted        |       |       |     1 |     6 |     3 ||    10
Armor: Skin              |     4 |     2 |    13 |    24 |     5 ||    48
Dodge: Dodged            |    15 |    62 |   198 |   132 |    30 ||   437

Table legend: (Time is in decaauts)
 A = Elapsed time spent in this place.
 B = Non-inter-level travel time spent in this place.
 C = Inter-level travel time spent in this place.
 D = Time resting spent in this place.
 E = Time spent auto-exploring this place.
 F = Levels seen in this place.
 G = Mean time per level.
                   A        B        C        D        E       F      G
               +--------+--------+--------+--------+--------+-----+--------+
         Total |  26278 |  24735 |   1543 |   8050 |  12188 |  17 | 1545.8 |
       Dungeon |  18073 |  16678 |   1395 |   5487 |   8215 |  10 | 1807.3 |
        Temple |    329 |    249 |     80 |      0 |    232 |   1 |  329.0 |
          Lair |   5682 |   5614 |     68 |   1383 |   3238 |   4 | 1420.5 |
         Sewer |    388 |    388 |      0 |     79 |    192 |   1 |  388.0 |
      Gauntlet |   1804 |   1804 |      0 |   1101 |    311 |   1 | 1804.0 |
               +--------+--------+--------+--------+--------+-----+--------+

Top non-repeatable levels by time:
     D:5: 2841 daAuts
     D:8: 2339 daAuts
     D:4: 2204 daAuts
    D:10: 2044 daAuts
Gauntlet: 1804 daAuts
  Lair:1: 1757 daAuts
     D:3: 1703 daAuts
     D:2: 1619 daAuts
     D:1: 1469 daAuts
     D:6: 1404 daAuts
  Lair:2: 1358 daAuts
  Lair:3: 1294 daAuts
  Lair:4: 1271 daAuts
     D:9: 1259 daAuts
     D:7: 1186 daAuts
